 Dungeon Crawl Stone Soup version 0.27-a0-1548-gf8a67e7463 (webtiles) character file.

Game seed: 694338618300371485

588 garrulousMonolith the Chopper (level 7, -4/61 HPs)
             Began as a Hill Orc Fighter on July 13, 2021.
             Was an Initiate of Beogh.
             Succumbed to a water moccasin's poison
             ... on level 5 of the Dungeon.
             The game lasted 00:05:15 (4936 turns).

garrulousMonolith the Chopper (Hill Orc Fighter)    Turns: 4936, Time: 00:05:15

Health: -4/61      AC: 13    Str: 19    XL:     7   Next: 38%
Magic:  9/9        EV:  5    Int: 10    God:    Beogh [......]
Gold:   145        SH:  9    Dex: 10    Spells: 6/6 levels left

rFire    . . .     SeeInvis .   a - +0 war axe
rCold    . . .     Faith    .   c - +0 kite shield
rNeg     + . .     Spirit   .   l - +2 chain mail "Voug" {rN+}
rPois    .         Reflect  .   f - +1 helmet
rElec    .         Harm     .   (no cloak)
rCorr    .         Rampage  .   (no gloves)
Will     .....                  (no boots)
Stlth    ..........             (no amulet)
HPRegen  0.20/turn              (no ring)
MPRegen  0.11/turn              (no ring)

@: lethally poisoned (-4 -> -24)
A: no striking features
a: Renounce Religion


You were on level 5 of the Dungeon.
You worshipped Beogh.
Beogh was noncommittal.
You visited 1 branch of the dungeon, and saw 5 of its levels.

You collected 195 gold pieces.
You spent 50 gold pieces at shops.

Inventory:

Hand Weapons
 a - a +0 war axe (weapon)
 d - a +1 dagger of venom
 m - a +2 spear of venom
Armour
 b - a +0 scale mail
 c - a +0 kite shield (worn)
 f - a +1 helmet (worn)
 l - the +2 chain mail "Voug" (worn) {rN+}
   (You found it on level 4 of the Dungeon)

   rN:        It protects you from negative energy.
Scrolls
 e - a scroll of torment {unknown}
 g - a scroll of fog
 h - a scroll of immolation
 k - a scroll of enchant weapon {unknown}
Potions
 j - 2 potions of attraction


   Skills:
 + Level 5.2 Fighting
 * Level 6.4 Axes
 + Level 4.8 Armour
 + Level 4.7 Shields
 + Level 3.6 Invocations


You had 6 spell levels left.
You didn't know any spells.
Your spell library contained the following spells:

 Spells                   Type           Power      Damage    Failure   Level
 Poisonous Vapours        Pois/Air       0%         N/A       100%        2
 Mephitic Cloud           Conj/Pois/Air  0%         N/A       100%        3
 Freezing Cloud           Conj/Ice/Air   0%         6-21      100%        5


Dungeon Overview and Level Annotations

Branches:
Dungeon (5/15)
 Temple: D:4-7

Altars:
Ashenzari
Dithmenos
Makhleb
Qazlal
Vehumet

Shops:
D:3 ?


Message History

You block the water moccasin's attack. The water moccasin barely misses you.
Okay, then.
You hit the water moccasin.
The water moccasin is heavily wounded.
You feel very sick. You block the water moccasin's attack.
The water moccasin bites you.
You barely miss the water moccasin.
The water moccasin is heavily wounded.
You feel sick. The water moccasin bites you.
You are more poisoned.
The water moccasin poisons you!
Okay, then.
You aren't carrying any items that you can evoke without wielding.
Unknown command.
* * * LOW HITPOINT WARNING * * *
You feel very sick.
The water moccasin bites you but does no damage.
* * * LOW HITPOINT WARNING * * *
You feel very sick.
* * * LOW HITPOINT WARNING * * *
You feel very sick.
The water moccasin bites you but does no damage.
* * * LOW HITPOINT WARNING * * *
You feel sick.
* * * LOW HITPOINT WARNING * * *
You feel sick.
* * * LOW HITPOINT WARNING * * *
You feel sick.
The water moccasin bites you but does no damage.
As you read the scroll of teleportation, it crumbles to dust.
You feel strangely unstable.
* * * LOW HITPOINT WARNING * * *
You feel sick. The water moccasin barely misses you.
* * * LOW HITPOINT WARNING * * *
You feel sick. The water moccasin bites you.
* * * LOW HITPOINT WARNING * * *
You are more poisoned.
The water moccasin poisons you!
Your surroundings seem slightly different.
You die...

............#
#####......## ###..###
##.## #..# #####.##
##...S..## ##.....<..#
##..@ยง.....##
##...........##
##.............#
##..............#
##...............#
#................# ##
##...)....o...))..## .#
#..............(...# #.##
##...............#..##...#


You could see a water moccasin and a neutral orc wizard (wandering).

Vanquished Creatures
  Menkaure (D:4)
  A scorpion (D:4)
  A jelly (D:5)
  Natasha (thrice) (D:3)
  2 orc wizards
  2 hound skeletons (D:4)
  Robin (D:2)
  A howler monkey skeleton (D:4)
  12 adders
  A worm (D:2)
  2 dart slugs (D:4)
  7 orcs
  2 bats (D:1)
  7 endoplasms
  A giant cockroach (D:3)
  16 goblins
  6 hobgoblins
  4 jackals (D:1)
  3 quokkas
  15 ball pythons
  3 frilled lizards
  4 kobolds
  5 rats
100 creatures vanquished.

Notes
Turn   | Place    | Note
-------+----------+-------------------------------------------
     0 | D:1      | garrulousMonolith the Hill Orc Fighter began the quest for
                  | the Orb.
     0 | D:1      | Reached XP level 1. HP: 19/19 MP: 1/1
    43 | D:1      | Reached skill level 3 in Axes
    43 | D:1      | Reached XP level 2. HP: 20/27 MP: 2/2
   434 | D:1      | Reached skill level 1 in Invocations
   658 | D:1      | Reached XP level 3. HP: 32/33 MP: 3/3
   804 | D:2      | Noticed Robin
  1246 | D:2      | Killed Robin
  1477 | D:2      | Reached XP level 4. HP: 38/40 MP: 5/5
  1698 | D:2      | Reached skill level 4 in Axes
  2044 | D:3      | Found a faded altar of an unknown god.
  2195 | D:3      | Found Azig's Magic Scroll Shop.
  2203 | D:3      | Bought a scroll of teleportation for 30 gold pieces
  2203 | D:3      | Bought a scroll of identify for 20 gold pieces
  2443 | D:3      | Reached XP level 5. HP: 43/46 MP: 6/6
  3347 | D:3      | Noticed Natasha
  3350 | D:3      | Killed Natasha
  3470 | D:3      | Noticed Natasha
  3478 | D:3      | Killed Natasha
  3479 | D:3      | Reached skill level 5 in Axes
  3479 | D:3      | Reached XP level 6. HP: 46/53 MP: 6/8
  3536 | D:3      | Noticed Natasha
  3544 | D:3      | Killed Natasha
  3732 | D:4      | Identified the +2 chain mail "Voug" {rN+}
  3843 | D:4      | Noticed Menkaure
  3856 | D:4      | Killed Menkaure
  3857 | D:4      | Reached skill level 5 in Fighting
  3857 | D:4      | Reached XP level 7. HP: 4/61 MP: 9/9
  4180 | D:4      | Found a radiant altar of Vehumet.
  4209 | D:4      | Reached skill level 6 in Axes
  4380 | D:4      | Found a burning altar of Makhleb.
  4380 | D:4      | Found a stormy altar of Qazlal.
  4734 | D:4      | Found a shadowy altar of Dithmenos.
  4781 | D:4      | Found a broken altar of Ashenzari.
  4816 | D:5      | Entered Level 5 of the Dungeon
  4827 | D:5      | Became a worshipper of Beogh the Brigand
  4935 | D:5      | HP: 1/61 [water moccasin (3)]
  4936 | D:5      | Succumbed to a water moccasin's poison

Illustrated notes

Levels and vault maps discovered:
D:1:      lightli_arrival_statue_moat, layout_rooms
D:2:      layout_loops_ring, uniq_robin
D:3:      minmay_angry_zag, layout_loops_ring,
          hellmonk_ecumenical_altar_slurped_away, serial_rivers,
          chequers_serial_rivers_marsh, chequers_serial_rivers_micro_d,
          chequers_serial_rivers_room_a, chequers_serial_rivers_small_b,
          chequers_serial_rivers_large_b, serial_shops, shop, uniq_natasha
D:4:      layout_basic, amethyst_overflow_temple_binary,
          mainiacjoe_overflow_alcove_2, mainiacjoe_overflow_swirl, uniq_menkaure
D:5:      layout_cave_pods, chequers_temple_overflow_statue_of_worship,
          kennysheep_little_box

Skill      XL: |  1  2  3  4  5  6  7 |
---------------+----------------------+-----
Axes           | 3 4 5 6 |  6.4
Invocations    | 1 2 3 |  3.6
Fighting       | 4 5 |  5.2
Armour         | 4 |  4.8
Shields        | 4 |  4.7

Action                   |  1- 3 |  4- 6 |  7- 9 || total
-------------------------+-------+-------+-------++-------
Melee: War axe           |    78 |   194 |    22 ||   294
       Dagger            |    23 |     8 |       ||    31
       Spear             |       |       |    32 ||    32
Invok: Convert to Beogh  |       |       |     1 ||     1
  Use: Potion            |     1 |     2 |       ||     3
       Scroll            |       |     2 |     4 ||     6
Armor: Scale mail        |    65 |   102 |       ||   167
       Chain mail        |       |    11 |    27 ||    38
Dodge: Dodged            |    35 |    69 |     9 ||   113
Block: Kite shield       |    50 |   103 |    26 ||   179

Table legend: (Time is in decaauts)
 A = Elapsed time spent in this place.
 B = Non-inter-level travel time spent in this place.
 C = Inter-level travel time spent in this place.
 D = Time resting spent in this place.
 E = Time spent auto-exploring this place.
 F = Levels seen in this place.
 G = Mean time per level.
                   A        B        C        D        E       F      G
               +--------+--------+--------+--------+--------+-----+--------+
         Total |   5126 |   5045 |     81 |   1052 |   3110 |   5 | 1025.2 |
       Dungeon |   5126 |   5045 |     81 |   1052 |   3110 |   5 | 1025.2 |
               +--------+--------+--------+--------+--------+-----+--------+

Top non-repeatable levels by time:
     D:3: 1694 daAuts
     D:1: 1212 daAuts
     D:4: 1209 daAuts
     D:2: 882 daAuts
     D:5: 128 daAuts
